 Dungeon Crawl Stone Soup version 0.29.1-1-gd02db6906a (webtiles) character file.

Game seed: 6495515440494230478

42919 MisterFreud the Covert (level 14, -4/101 HPs)
             Began as a Gnoll Delver on Oct 1, 2022.
             Was the Champion of Hepliaklqana.
             Blown up by a great orb of eyes (27 damage)
             ... with a mindburst bolt
             ... on level 2 of the Abyss.
             The game lasted 00:40:15 (19076 turns).

MisterFreud the Covert (Gnoll Delver)              Turns: 19076, Time: 00:40:16

Health: -4/101     AC: 21    Str: 13    XL:     14   Next: 21%
Magic:  27/27      EV: 15    Int: 13    God:    Hepliaklqana [******]
Gold:   927        SH:  6    Dex: 14    Spells: 19/31 levels left

rFire   . . .      SeeInvis .   P - +2 short sword (vamp)
rCold   . . .      Faith    .   Z - +0 buckler
rNeg    . . .      Spirit   .   a - +0 acid dragon scales
rPois   +          Reflect  .   (no helmet)
rElec   .          Harm     .   B - +2 cloak {rPois}
rCorr   +          Rampage  .   h - +0 pair of gloves
Will    +....                   (no boots)
Stlth   +++++.....              m - amulet of the acrobat
HPRegen 0.26/turn               S - +4 ring of protection
MPRegen 0.20/turn               I - +4 ring of protection

@: no status effects
A: reduced essence, fangs 1, strong nose, distributed training, [subdued magic
2]
a: Renounce Religion, Recall Ancestor, Ancestor Identity, Transference, Idealise


You were on level 2 of the Abyss.
You worshipped Hepliaklqana.
Hepliaklqana was exalted by your worship.
You visited 3 branches of the dungeon, and saw 19 of its levels.
You visited the Abyss 1 time.

You collected 1018 gold pieces.
You spent 91 gold pieces at shops.

Inventory:

Hand Weapons
 A - a +3 quarterstaff of chaos
 P - a +2 vampiric short sword (weapon)
 V - a +0 demon whip of chaos
Missiles
 b - 57 poisoned darts (quivered)
 u - 4 silver javelins
Armour
 a - +0 acid dragon scales (worn)
 h - a +0 pair of gloves (worn)
 B - a +2 cloak of poison resistance (worn)
 G - +0 ice dragon scales
 Z - a +0 buckler (worn)
Jewellery
 m - an amulet of the acrobat (around neck)
 v - a ring of willpower
 E - an amulet of magic regeneration
 F - a ring of protection from fire
 I - a +4 ring of protection (right hand)
 S - a +4 ring of protection (left hand)
Wands
 g - a wand of digging (3)
 i - a wand of iceblast (50)
 J - a wand of polymorph (19)
 L - a wand of acid (10)
 N - a wand of charming (6)
 U - a wand of flame (6)
 X - a wand of mindburst (9)
Scrolls
 c - 5 scrolls of fog
 d - 4 scrolls of magic mapping
 e - 4 scrolls of fear
 p - 7 scrolls of teleportation
 q - a scroll of enchant weapon
 t - 2 scrolls of poison
 M - 3 scrolls of amnesia
 O - 5 scrolls of identify
 W - a scroll of summoning
 Y - a scroll of enchant armour
Potions
 f - 6 potions of haste
 j - 6 potions of brilliance
 l - 2 potions of berserk rage
 n - 2 potions of cancellation
 o - 4 potions of lignification
 r - 9 potions of might
 w - 2 potions of invisibility
 x - 3 potions of mutation
 z - 5 potions of flight
 D - 6 potions of curing
 H - 4 potions of ambrosia
 K - a potion of magic
Miscellaneous
 y - a box of beasts (inert)
 C - a condenser vane (inert)
 Q - a lightning rod (4/4)
 R - a piece from Xom's chessboard (15/15)


   Skills:
 + Level 11.4 Fighting
 + Level 10.4 Short Blades
 + Level 9.3 Long Blades
 + Level 9.3 Axes
 + Level 9.3 Maces & Flails
 + Level 9.3 Polearms
 + Level 9.3 Staves
 + Level 9.3 Ranged Weapons
 + Level 9.3 Throwing
 + Level 9.3 Armour
 + Level 10.4 Dodging
 + Level 13.2 Stealth
 + Level 9.3 Shields
 + Level 9.3 Unarmed Combat
 + Level 9.3 Spellcasting
 + Level 7.8 Conjurations
 + Level 7.8 Hexes
 + Level 7.8 Summonings
 + Level 7.8 Necromancy
 + Level 7.8 Translocations
 + Level 7.8 Transmutations
 + Level 7.8 Fire Magic
 + Level 7.8 Ice Magic
 + Level 7.8 Air Magic
 + Level 7.8 Earth Magic
 + Level 7.8 Poison Magic
 + Level 10.2 Invocations
 + Level 9.3 Evocations


You had 19 spell levels left.
You knew the following spells:

 Your Spells              Type           Power      Damage    Failure   Level
a - Mephitic Cloud        Conj/Pois/Air  16%        N/A       1%          3
b - Summon Lightning Spi  Summ/Air       16%        N/A       4%          4
c - Irradiate             Conj/Tmut      8%         3d14      16%         5

Your spell library contained the following spells:

 Spells                   Type           Power      Damage    Failure   Level
 Beastly Appendage        Tmut           32%        N/A       1%          1
 Magic Dart               Conj           64%        1d6       1%          1
 Slow                     Hex            64%        N/A       1%          1
 Sting                    Tmut/Pois      64%        1d6       1%          1
 Summon Small Mammal      Summ           64%        N/A       1%          1
 Call Imp                 Summ           16%        N/A       1%          2
 Poisonous Vapours        Pois/Air       32%        N/A       1%          2
 Sublimation of Blood     Necr           16%        N/A       1%          2
 Call Canine Familiar     Summ           16%        N/A       1%          3
 Confusing Touch          Hex            16%        N/A       1%          3
 Dazzling Flash           Conj/Hex       32%        N/A       1%          3
 Frozen Ramparts          Ice            32%        1d5       1%          3
 Summon Guardian Golem    Hex/Summ       16%        N/A       1%          3
 Tukima's Dance           Hex            16%        N/A       1%          3
 Vampiric Draining        Necr           16%        2d7       1%          3
 Animate Dead             Necr           16%        N/A       4%          4
 Corpse Rot               Necr/Pois/Air  16%        N/A       4%          4
 Ice Form                 Ice/Tmut       16%        N/A       4%          4
 Olgreb's Toxic Radiance  Pois           16%        N/A       4%          4
 Passage of Golubria      Tloc           16%        N/A       4%          4
 Petrify                  Tmut/Erth      16%        N/A       4%          4
 Summon Ice Beast         Ice/Summ       16%        N/A       4%          4
 Agony                    Necr           16%        N/A       16%         5
 Blade Hands              Tmut           8%         N/A       16%         5
 Iskenderun's Battlesphe  Conj           16%        2d7       16%         5
 Silence                  Hex/Air        8%         N/A       16%         5
 Yara's Violent Unravell  Hex/Tmut       8%         3d5       16%         5
 Dispersal                Tloc           8%         N/A       69%         6
 Iron Shot                Conj/Erth      8%         9d3       69%         6
 Haunt                    Necr/Summ      8%         N/A       99%         7
 Spellforged Servitor     Conj/Summ      8%         N/A       99%         7
 Storm Form               Tmut/Air       8%         N/A       99%         7
 Disjunction              Tloc           8%         N/A       100%        8
 Maxwell's Capacitive Co  Air            8%         ∞         100%        8


Dungeon Overview and Level Annotations

Branches:
Dungeon (13/15)            Temple (0/1) D:4            Lair (5/5) D:11
 Shoals (0/4) Lair:2        Snake (1/4) Lair:3        Slime (0/5) Lair:4
    Orc (0/2) D:9
 Vaults: D:13-14

Altars:
Dithmenos
Gozag
Hepliaklqana
Kikubaaqudgha
Qazlal
Sif Muna
Uskayaw
Wu Jian
Zin
The Shining One
Jiyva

Shops:
D:1 ?[=   D:4 [   D:10 (

Annotations:
D:8 1 exclusion


Innate Abilities, Weirdness & Mutations

Your life essence is reduced to manifest your ancestor. (-10% HP)
You have very sharp teeth.
Your uncanny sense of smell can sniff out nearby items.
Your experience applies equally to all skills.
[Your spells are easier to cast, but less powerful.]


Message History

The harpy zombie claws you but does no damage. x2
Blink to where?
Press: ? - help, Dir - move target
As you read the scroll of blinking, it crumbles to dust.
You hear some strange, mumbled words.
A bolt of cold appears from out of thin air!
The bolt of cold hits you!
* * * LOW HITPOINT WARNING * * *
Something touches you but does no damage. x2
There is a gateway leading deeper into the Abyss here.
Something touches you but does no damage.
You plunge deeper into the Abyss.
Reactivating autopickup.
Ntombi is recalled.
Found a corrupted altar of Lugonu.
Found a corrupted altar of Lugonu.
A smoke demon comes into view.
You swap places.
A great orb of eyes comes into view.
The great orb of eyes gazes at you.
You struggle to resist.
You hit the great orb of eyes but do no damage.
You hit the great orb of eyes but do no damage.
You bite the great orb of eyes, but do no damage.
The great orb of eyes barely misses you.
You hit the great orb of eyes.
The great orb of eyes is lightly wounded.
Ntombi hits the great orb of eyes but does no damage.
Ntombi drains the great orb of eyes.
You hit the great orb of eyes but do no damage.
You bite the great orb of eyes.
The great orb of eyes is lightly wounded.
The great orb of eyes gazes at you.
You struggle to resist.
Ntombi hits the great orb of eyes with a +0 dagger of draining. x2
You hit the great orb of eyes but do no damage.
The great orb of eyes is moderately wounded.
The great orb of eyes gazes at you.
Your mind is blasted!
You die...

.. .. #x .#. ####§
#. .. .#..#..
##..#.# .....#
#.... .....##.#.##
#. .#....#.#.. . .
#.##........#
.####..
##..##RG....# ...
.#.#.##....@## #.#
3 .. ...# ###.##.#.
## ....# #... ..##
...### ..
###..##.### ..#.#.
.#.#....## ##.
#....# .##.....# .
###....# ..##....
#.# .. #.#.. . ....
.
##....#.#......####
#


You could see the friendly Ntombi the hexer and a great orb of eyes (drained,
ally target).

Vanquished Creatures
  A hydra (D:11)
  4 boulder beetles
  3 two-headed ogres (D:11)
  2 centaur warriors
  Amaemon (Lair:2)
  A sixfirhy (Abyss:1)
  A deep elf pyromancer (D:12)
  A wolf spider (D:11)
  2 cyclopes (D:11)
  3 ugly things
  A manticore (D:12)
  2 smoke demons (Lair:5)
  A black mamba (Lair:5)
  An eye of devastation (Lair:4)
  3 cane toads
  An orange demon (Abyss:1)
  A torpor snail (Lair:5)
  4 komodo dragons
  Psyche (D:11)
  A polar bear (Lair:4)
  A harpy skeleton (Abyss:1)
  Prince Ribbit (D:6)
  3 blink frogs (Lair:5)
  2 dream sheep (Lair:4)
  Sigmund (D:2)
  A shadow (D:11)
  4 wyverns
  A spriggan (shapeshifter) (D:13)
  Eustachio (D:6)
  3 wraiths
  A ynoxinul (Abyss:1)
  A basilisk (Lair:5)
  23 yaks
  3 hogs (Lair:4)
  5 vampire mosquitoes
  A chaos spawn (Lair:5)
  Menkaure (D:6)
  5 water moccasins
  3 acid dragons
  A floating eye (Lair:4)
  A black bear (D:11)
  An orc warrior (D:11)
  12 wolves
  An ogre (D:6)
  4 centaurs
  5 kobold brigands
  5 bullfrogs
  A gnoll sergeant (D:9)
  A necrophage (D:5)
  5 scorpions
  6 small abominations (Lair:5)
  6 wights
  8 killer bees
  7 howler monkeys
  A hexer (D:11)
  A crimson imp (Abyss:1)
  A quasit (Abyss:1)
  2 jellies (D:7)
  5 hounds
  Crazy Yiuf (D:2)
  2 orc priests (D:11)
  A gnoll bouda (D:6)
  2 iguanas
  5 orc wizards
  2 hell rats (Lair:3)
  3 adders
  16 gnolls
  A shadow imp (D:8)
  A white imp (D:6)
  An ufetubus (D:7)
  4 worms
  13 orcs
  A ball python (D:1)
  3 bats
  5 endoplasms
  A giant cockroach (D:2)
  9 goblins
  3 hobgoblins
  6 jackals
  15 kobolds
  A quokka (D:4)
  3 frilled lizards
  4 rats
273 creatures vanquished.

Vanquished Creatures (collateral kills)
  Kirke (Lair:4)
  A hydra (D:11)
  A two-headed ogre (D:10)
  A lindwurm (Lair:3)
  2 deep elf pyromancers
  A salamander (shapeshifter) (D:8)
  A cyclops (D:13)
  A manticore (D:11)
  2 black mambas
  2 orange demons
  2 unseen horrors
  5 cane toads
  2 ancient zymes
  2 trolls (D:10)
  A polar bear (Lair:3)
  A dream sheep (shapeshifter) (D:13)
  5 dream sheep (Lair:4)
  3 blink frogs (Lair:5)
  A shadow (D:10)
  8 yaks
  A wraith (D:12)
  2 ynoxinuls (Abyss:1)
  A wyvern (D:8)
  2 basilisks (Lair:5)
  3 vampire mosquitoes (D:12)
  An acid dragon (D:6)
  5 water moccasins
  5 wolves
  A kobold brigand (D:11)
  2 bullfrogs
  A gnoll sergeant (D:9)
  A scorpion (D:5)
  2 wights (D:7)
  5 killer bees
  An orc priest (D:6)
  An iron imp (Abyss:1)
  An orc wizard (D:11)
  2 hell rats (Lair:3)
  3 gnolls
  An adder (D:6)
  A white imp (Abyss:1)
  An ufetubus (Abyss:1)
  2 orcs
  An endoplasm (D:4)
  2 giant cockroaches
  8 kobolds
99 creatures vanquished.

Vanquished Creatures (others)
  7 hexers
  38 fungi
  41 plants
  6 withered plants (D:1)
92 creatures vanquished.

Grand Total: 464 creatures vanquished

Notes
Turn   | Place    | Note
-------+----------+-------------------------------------------
     0 | D:5      | Reached skill level 9 in Stealth
     0 | D:5      | MisterFreud the Gnoll Delver began the quest for the Orb.
     0 | D:5      | Reached XP level 1. HP: 23/23 MP: 1/1
    11 | D:6      | Reached XP level 2. HP: 29/29 MP: 2/2
    83 | D:4      | Noticed a scorpion
    87 | D:4      | Killed a scorpion
    88 | D:4      | Reached skill level 1 in Long Blades
    88 | D:4      | Reached skill level 1 in Axes
    88 | D:4      | Reached skill level 1 in Maces & Flails
    88 | D:4      | Reached skill level 1 in Polearms
    88 | D:4      | Reached skill level 1 in Staves
    88 | D:4      | Reached skill level 1 in Ranged Weapons
    88 | D:4      | Reached skill level 1 in Throwing
    88 | D:4      | Reached skill level 1 in Armour
    88 | D:4      | Reached skill level 1 in Shields
    88 | D:4      | Reached skill level 1 in Unarmed Combat
    88 | D:4      | Reached skill level 1 in Spellcasting
    88 | D:4      | Reached skill level 1 in Invocations
    88 | D:4      | Reached skill level 1 in Evocations
    88 | D:4      | Reached XP level 3. HP: 35/35 MP: 2/4
    88 | D:4      | Reached XP level 4. HP: 41/41 MP: 2/5
   253 | D:2      | Noticed Sigmund
   284 | D:3      | Reached skill level 1 in Conjurations
   284 | D:3      | Reached skill level 1 in Hexes
   284 | D:3      | Reached skill level 1 in Summonings
   284 | D:3      | Reached skill level 1 in Necromancy
   284 | D:3      | Reached skill level 1 in Translocations
   284 | D:3      | Reached skill level 1 in Transmutations
   284 | D:3      | Reached skill level 1 in Fire Magic
   284 | D:3      | Reached skill level 1 in Ice Magic
   284 | D:3      | Reached skill level 1 in Air Magic
   284 | D:3      | Reached skill level 1 in Earth Magic
   284 | D:3      | Reached skill level 1 in Poison Magic
   326 | D:3      | Learned a level 3 spell: Mephitic Cloud
   842 | D:1      | Found Fetsant's Magic Scroll Boutique.
   859 | D:1      | Bought a scroll of teleportation for 39 gold pieces
   859 | D:1      | Bought a scroll of fear for 52 gold pieces
  1023 | D:1      | Found Utoc Off's Jewellery Emporium.
  1096 | D:1      | Reached XP level 5. HP: 47/47 MP: 5/7
  1206 | D:1      | Found a faded altar of an unknown god.
  1386 | D:1      | Found Eklop's Armour Emporium.
  1505 | D:1      | Got Ereshkigal's Atlas of Wicked Mysteries
  1621 | D:1      | Prayed at the altar of an unknown god.
  1621 | D:1      | Became a worshipper of Hepliaklqana the Forgotten
  1621 | D:1      | Reached * piety under Hepliaklqana
  2300 | D:2      | Killed Sigmund
  2301 | D:2      | Reached skill level 5 in Short Blades
  2301 | D:2      | Reached skill level 5 in Dodging
  2301 | D:2      | Reached XP level 6. HP: 31/47 MP: 7/9
  2409 | D:2      | Reached ** piety under Hepliaklqana
  2410 | D:2      | Remembered your ancestor Ntombi as a hexer
  2469 | D:2      | Found a runed translucent door.
  2470 | D:2      | Noticed Crazy Yiuf
  2477 | D:2      | Killed Crazy Yiuf
  3231 | D:4      | Found a staircase to the Ecumenical Temple.
  3287 | D:4      | Found Zyetaq's Armour Shop.
  3637 | D:5      | Reached XP level 7. HP: 54/54 MP: 10/10
  3782 | D:5      | Found a glowing silver altar of Zin.
  3807 | D:5      | Found an ancient bone altar of Kikubaaqudgha.
  4013 | D:5      | Reached skill level 10 in Stealth
  4052 | D:5      | Found an opulent altar of Gozag.
  4302 | D:6      | Noticed Prince Ribbit
  4307 | D:6      | Reached XP level 8. HP: 49/60 MP: 12/12
  4317 | D:6      | Killed Prince Ribbit
  4812 | D:6      | Noticed Eustachio
  4852 | D:6      | Killed Eustachio
  5275 | D:6      | Noticed Menkaure
  5278 | D:6      | Killed Menkaure
  5279 | D:6      | Reached XP level 9. HP: 52/65 MP: 13/15
  5422 | D:7      | Found a hide-covered altar of Uskayaw.
  5449 | D:7      | Reached *** piety under Hepliaklqana
  5972 | D:7      | Found a glowing golden altar of the Shining One.
  6217 | D:8      | Reached skill level 5 in Invocations
  6498 | D:8      | Got the Tome of Viperous Forms
  6567 | D:8      | Noticed a salamander
  6576 | D:8      | Killed a salamander
  6577 | D:8      | Reached skill level 5 in Long Blades
  6577 | D:8      | Reached skill level 5 in Axes
  6577 | D:8      | Reached skill level 5 in Maces & Flails
  6577 | D:8      | Reached skill level 5 in Polearms
  6577 | D:8      | Reached skill level 5 in Staves
  6577 | D:8      | Reached skill level 5 in Ranged Weapons
  6577 | D:8      | Reached skill level 5 in Throwing
  6577 | D:8      | Reached skill level 5 in Armour
  6577 | D:8      | Reached skill level 5 in Shields
  6577 | D:8      | Reached skill level 5 in Unarmed Combat
  6577 | D:8      | Reached skill level 5 in Spellcasting
  6577 | D:8      | Reached skill level 5 in Evocations
  6577 | D:8      | Reached XP level 10. HP: 27/72 MP: 17/17
  7351 | D:8      | Found a shimmering blue altar of Sif Muna.
  7719 | D:9      | Reached skill level 11 in Stealth
  7923 | D:9      | Reached **** piety under Hepliaklqana
  7994 | D:9      | Found an ornate altar of the Wu Jian Council.
  8229 | D:9      | Learned a level 4 spell: Summon Lightning Spire
  8294 | D:9      | Found a staircase to the Orcish Mines.
  8599 | D:10     | Entered Level 10 of the Dungeon
  8615 | D:10     | Killed an unseen horror
  8810 | D:10     | Found a stormy altar of Qazlal.
  8972 | D:10     | Noticed a two-headed ogre
  8982 | D:10     | Killed a two-headed ogre
  9179 | D:10     | Found Koepluaz's Weapon Emporium.
  9213 | D:10     | Reached skill level 5 in Conjurations
  9213 | D:10     | Reached skill level 5 in Hexes
  9213 | D:10     | Reached skill level 5 in Summonings
  9213 | D:10     | Reached skill level 5 in Necromancy
  9213 | D:10     | Reached skill level 5 in Translocations
  9213 | D:10     | Reached skill level 5 in Transmutations
  9213 | D:10     | Reached skill level 5 in Fire Magic
  9213 | D:10     | Reached skill level 5 in Ice Magic
  9213 | D:10     | Reached skill level 5 in Air Magic
  9213 | D:10     | Reached skill level 5 in Earth Magic
  9213 | D:10     | Reached skill level 5 in Poison Magic
  9213 | D:10     | Reached XP level 11. HP: 29/80 MP: 20/20
  9855 | D:10     | Found a shadowy altar of Dithmenos.
 10260 | D:11     | Found a staircase to the Lair.
 10305 | D:11     | Noticed a cyclops
 10325 | D:11     | Killed a cyclops
 10328 | D:11     | Noticed a seven-headed hydra
 10336 | D:11     | Killed a seven-headed hydra
 10624 | D:11     | Noticed a two-headed ogre
 10632 | D:11     | Killed a two-headed ogre
 10902 | D:11     | Noticed a four-headed hydra
 10905 | D:11     | Reached ***** piety under Hepliaklqana
 10905 | D:11     | Noticed a cyclops
 10913 | D:11     | Noticed a centaur warrior
 10914 | D:11     | Killed a four-headed hydra
 10914 | D:11     | Noticed a manticore
 10915 | D:11     | Noticed a wolf spider
 10916 | D:11     | Killed a cyclops
 10917 | D:11     | Noticed a two-headed ogre
 11190 | D:11     | Noticed a deep elf pyromancer
 11198 | D:11     | Killed a centaur warrior
 11199 | D:11     | Reached XP level 12. HP: 59/87 MP: 20/22
 11206 | D:11     | Noticed a two-headed ogre
 11237 | D:11     | Killed a two-headed ogre
 11238 | D:11     | Reached skill level 12 in Stealth
 11253 | D:11     | Killed a two-headed ogre
 11261 | D:11     | Reached skill level 10 in Fighting
 11759 | D:11     | Noticed Psyche
 11766 | D:11     | Killed Psyche
 12121 | D:12     | Noticed a centaur warrior
 12132 | D:12     | Killed a centaur warrior
 12310 | D:12     | Identified the +1 scale mail of Hoestiwa {rC+}
 12620 | D:13     | Noticed a boulder beetle
 12654 | D:13     | Killed a boulder beetle
 12906 | D:13     | Noticed a boulder beetle
 12942 | D:13     | Killed a boulder beetle
 13451 | Lair:1   | Entered Level 1 of the Lair of Beasts
 13500 | Lair:1   | Reached XP level 13. HP: 84/93 MP: 25/25
 14397 | Lair:1   | Learned a level 5 spell: Irradiate
 14443 | Lair:2   | Noticed Amaemon
 14458 | Lair:2   | Killed Amaemon
 14904 | Lair:2   | You fall into a shaft and drop 1 floor!
 14956 | Lair:3   | Reached ****** piety under Hepliaklqana
 15108 | Lair:2   | Found a staircase to the Shoals.
 15325 | Lair:3   | Found a staircase to the Snake Pit.
 16050 | Snake:1  | Entered Level 1 of the Snake Pit
 16273 | Lair:4   | Found a viscous altar of Jiyva.
 16273 | Lair:4   | Found a staircase to the Slime Pits.
 16295 | Lair:4   | Noticed Kirke
 16304 | Lair:4   | Reached skill level 10 in Short Blades
 16304 | Lair:4   | Reached skill level 10 in Dodging
 16325 | Lair:4   | Killed Kirke
 17092 | Lair:5   | Entered Level 5 of the Lair of Beasts
 17149 | Lair:5   | Reached skill level 13 in Stealth
 17592 | Lair:5   | Reached XP level 14. HP: 44/101 MP: 23/27
 17919 | Lair:5   | Reached skill level 10 in Invocations
 18511 | Abyss:1  | Cast into level 1 of the Abyss (spriggan)
 18761 | Abyss:1  | Noticed a starcursed mass
 18886 | Abyss:1  | Noticed an Executioner
 18989 | Abyss:1  | Noticed a lich
 19020 | Abyss:2  | Found a corrupted altar of Lugonu.
 19042 | Abyss:2  | Found a corrupted altar of Lugonu.
 19076 | Abyss:2  | Blown up by a great orb of eyes

Illustrated notes

Levels and vault maps discovered:
D:1:      eino_arrival_water_cross, layout_basic, serial_shops,
          nicolae_shop_crystal, shop, nicolae_shop_crystal,
          shapermc_ecumenical_altar_flowoftime, amcnicky_mini_corridor_feature,
          minmay_tetromino_t4
D:2:      layout_loops_cross, uniq_sigmund, uniq_crazy_yiuf_cottage
D:3:      layout_rooms
D:4:      layout_cave_pods, minmay_temple_entry_poolview, serial_shops,
          kennysheep_mini, kennysheep_big_empty_room
D:5:      layout_loops_ring, general_overflow_altar,
          mainiacjoe_overflow_large_starburst, grunt_decor_resistance,
          minmay_misc_feat_secret_circle
D:6:      layout_loops_ring, uniq_prince_ribbit1, uniq_menkaure, uniq_eustachio
D:7:      layout_gridville, mainiacjoe_overflow_surrounded_room,
          mainiacjoe_overflow_alcove_1
D:8:      layout_loops_ring, led_sif_book, kennysheep_just_a_vault
D:9:      layout_basic, nicolae_wu_jian_immortal_techniques, orc_0_dummy
D:10:     layout_long_grid, grunt_dithmenos_shadows, lemuel_tele_altar,
          serial_shops, nicolae_diamond_shop, minmay_misc_feat_square
D:11:     layout_irregular_city, due_lair_maze_entry_diamond,
          minmay_the_grid_square_5x5_3x3_mashed
          [minmay_the_grid_square_5x5_inset, minmay_the_grid_square_5x5_n_small,
          minmay_the_grid_square_5x5_minibox,
          minmay_the_grid_square_5x5_one_wall,
          minmay_the_grid_square_5x5_megaprize_hollow,
          minmay_the_grid_square_5x5_shuriken,
          minmay_the_grid_square_5x5_two_walls_b,
          minmay_the_grid_square_5x5_plus,
          minmay_the_grid_square_5x5_gyroscope], uniq_psyche
D:12:     layout_rooms
D:13:     layout_gridville
Lair:1:   layout_loops_ring
Lair:2:   layout_misc_corridors, shoals_dummy_entry, uniq_amaemon
Lair:3:   layout_regular_city, dummy_snake_entry,
          chequers_serial_rivers_micro_d, grunt_megastairs_3
Lair:4:   layout_roguey, minmay_slime_entry_eyes, nicolae_volcano_entry_s_turn,
          uniq_kirke
Lair:5:   hellmonk_lair_end_abyssal_woods, layout_cave_pods, grunt_megastairs_4,
          serial_bayou_shore_b
Snake:1:  layout_gridlike, grunt_ministairs_10, nicolae_large_snake_swirl
Abyss:2:  base: D:11, minivault_19, minivault_25

Skill      XL: |  1  2  3  4  5  6  7  8  9 10 11 12 13 14 |
---------------+-------------------------------------------+-----
Stealth        | 10 11 12 13 | 13.2
Long Blades    | 1 2 3 4 5 6 7 8 9 |  9.3
Axes           | 1 2 3 4 5 6 7 8 9 |  9.3
Maces & Flails | 1 2 3 4 5 6 7 8 9 |  9.3
Polearms       | 1 2 3 4 5 6 7 8 9 |  9.3
Staves         | 1 2 3 4 5 6 7 8 9 |  9.3
Ranged Weapons | 1 2 3 4 5 6 7 8 9 |  9.3
Throwing       | 1 2 3 4 5 6 7 8 9 |  9.3
Armour         | 1 2 3 4 5 6 7 8 9 |  9.3
Shields        | 1 2 3 4 5 6 7 8 9 |  9.3
Unarmed Combat | 1 2 3 4 5 6 7 8 9 |  9.3
Spellcasting   | 1 2 3 4 5 6 7 8 9 |  9.3
Invocations    | 1 2 3 4 5 6 7 8 9 10 | 10.2
Evocations     | 1 2 3 4 5 6 7 8 9 |  9.3
Conjurations   | 1 2 3 4 5 6 7 |  7.8
Hexes          | 1 2 3 4 5 6 7 |  7.8
Summonings     | 1 2 3 4 5 6 7 |  7.8
Necromancy     | 1 2 3 4 5 6 7 |  7.8
Translocations | 1 2 3 4 5 6 7 |  7.8
Transmutations | 1 2 3 4 5 6 7 |  7.8
Fire Magic     | 1 2 3 4 5 6 7 |  7.8
Ice Magic      | 1 2 3 4 5 6 7 |  7.8
Air Magic      | 1 2 3 4 5 6 7 |  7.8
Earth Magic    | 1 2 3 4 5 6 7 |  7.8
Poison Magic   | 1 2 3 4 5 6 7 |  7.8
Short Blades   | 5 6 7 8 9 10 | 10.4
Dodging        | 5 6 7 8 9 10 | 10.4
Fighting       | 7 8 9 10 11 | 11.4

Action                   |  1- 3 |  4- 6 |  7- 9 | 10-12 | 13-15 || total
-------------------------+-------+-------+-------+-------+-------++-------
Melee: Short sword       |     3 |   191 |   232 |   512 |   561 ||  1499
       Bite              |       |    16 |    22 |    88 |    95 ||   221
       Punch             |       |     2 |    14 |    18 |       ||    34
       Unarmed           |       |       |       |       |    16 ||    16
Throw: Dart              |       |       |       |     7 |       ||     7
 Cast: Mephitic Cloud    |       |       |     2 |    24 |    26 ||    52
       Summon Lightning  |       |       |       |     3 |     2 ||     5
       Irradiate         |       |       |       |       |     4 ||     4
Invok: Recall Ancestor   |       |     1 |     1 |     2 |     3 ||     7
       Ancestor Life: He |       |     1 |       |       |       ||     1
Evoke: Wand              |       |       |       |     5 |     1 ||     6
       Condenser vane    |       |       |       |       |     1 ||     1
       Box of beasts     |       |       |       |       |     1 ||     1
  Use: Scroll            |       |     4 |    12 |     6 |    10 ||    32
       Potion            |       |       |       |     1 |     9 ||    10
 Stab: Sleeping          |     3 |    15 |     4 |     3 |     6 ||    31
       Confused          |       |     1 |     4 |    37 |    38 ||    80
       Distracted        |       |       |     3 |     9 |     4 ||    16
Armor: Leather armour    |       |    56 |    67 |    96 |       ||   219
       Acid dragon scale |       |       |       |    63 |   240 ||   303
Dodge: Dodged            |       |   134 |   149 |   283 |   368 ||   934
Block: Buckler           |       |       |       |    52 |   150 ||   202
